 Dungeon Crawl Stone Soup version 0.28.0-53-g5a82cb258f (webtiles) character file.

Game seed: 16447853956220216278

93 Zeld the Chopper (level 4, 0/41 HPs)
             Began as a Hill Orc Monk on June 5, 2022.
             Slain by a white imp (3 damage)
             ... summoned by Natasha
             ... on level 3 of the Dungeon.
             The game lasted 00:04:05 (3968 turns).

Zeld the Chopper (Hill Orc Monk)                    Turns: 3968, Time: 00:04:05

Health: 0/41       AC:  2    Str: 15    XL:     4   Next: 62%
Magic:  4/4        EV: 12    Int: 10    God:
Gold:   157        SH:  0    Dex: 13    Spells: 3/3 levels left

rFire   . . .      SeeInvis .   a - +0 hand axe
rCold   . . .      Faith    .   (no shield)
rNeg    . . .      Spirit   .   b - +0 robe
rPois   .          Reflect  .   (no helmet)
rElec   .          Harm     .   (no cloak)
rCorr   .          Rampage  .   (no gloves)
Will    .....                   (no boots)
Stlth   ++........              (no amulet)
HPRegen 0.13/turn               (no ring)
MPRegen 0.09/turn               (no ring)

@: slowed, very slow
A: no striking features
a: no special abilities


You were on level 3 of the Dungeon.
You visited 1 branch of the dungeon, and saw 3 of its levels.

You collected 157 gold pieces.

Inventory:

Hand Weapons
 a - a +0 hand axe (weapon)
Armour
 b - a +0 robe (worn)
Wands
 l - a wand of charming (9)
Scrolls
 c - a scroll of noise {unknown}
 d - a scroll of identify {unknown}
 h - a scroll of enchant weapon {unknown}
 o - a scroll of teleportation {unknown}
Potions
 e - 2 potions of flight {unknown}
 f - a potion of invisibility {unknown}
 g - a potion of haste {unknown}
 i - a potion of curing {unknown}
 j - a potion of heal wounds {unknown}
 k - a potion of lignification {unknown}
 m - a potion of cancellation {unknown}
 n - a potion of brilliance {unknown}


   Skills:
 * Level 4.8 Fighting
 * Level 5.4 Axes
 + Level 2.9 Dodging
 - Level 1.5 Stealth


You had 3 spell levels left.
You didn't know any spells.
Your spell library was empty.

Dungeon Overview and Level Annotations

Branches:
Dungeon (3/15)

Altars:
Yredelemnul

Annotations:
D:3 Natasha


Message History

You feel troubled. Natasha claws you!
You hit Natasha.
Natasha is lightly wounded.
Natasha casts a spell at you. The magic dart hits you.
You barely miss Natasha.
Natasha is lightly wounded.
Natasha claws you.
You closely miss Natasha.
Natasha is lightly wounded.
Natasha stares at you and mumbles some strange words.
You feel yourself slow down.
You hit Natasha.
Natasha is moderately wounded.
Natasha hisses.
Natasha claws you but does no damage.
Natasha casts a spell.
You barely miss Natasha.
Natasha is moderately wounded.
Natasha claws you. Natasha barely misses you.
You closely miss Natasha. Your punch misses Natasha.
Natasha is moderately wounded.
Natasha misses you. The white imp closely misses you.
You hit Natasha.
Natasha is severely wounded.
You hit the white imp. Natasha casts a spell at you. The magic dart hits you.
The white imp hits you.
* * * LOW HITPOINT WARNING * * *
The white imp freezes you.
* * * LOW HITPOINT WARNING * * *
Natasha claws you!
* * * LOW HITPOINT WARNING * * *
Unknown command.
Unknown command.
You hit Natasha but do no damage.
Natasha is severely wounded.
You closely miss the white imp. The white imp hits you.
You die...

...........#..........###..
...........'...............
...........#.........####.#
...........#.........# #..#
...........####.###.####...
...........................
....................##.####
....................##.# #
..........@.........##.#
.........5h....##...##.# .
............<..###.....# ..
)..............# #..##.# ..
...........)..# #..##.# .
.............# #.# .
.$..........# ............#


You could see Natasha and a white imp (summoned).

Vanquished Creatures
  3 adders
  A worm (D:2)
  2 dart slugs (D:2)
  6 bats
  8 endoplasms
  A giant cockroach (D:1)
  10 goblins
  4 hobgoblins
  3 jackals (D:3)
  5 kobolds
  6 ball pythons
  6 rats
55 creatures vanquished.

Vanquished Creatures (others)
  5 plants (D:1)
5 creatures vanquished.

Grand Total: 60 creatures vanquished

Notes
Turn   | Place    | Note
-------+----------+-------------------------------------------
     0 | D:1      | Zeld the Hill Orc Monk began the quest for the Orb.
     0 | D:1      | Reached XP level 1. HP: 19/19 MP: 1/1
   237 | D:1      | Reached XP level 2. HP: 17/27 MP: 2/2
   796 | D:1      | Reached XP level 3. HP: 22/33 MP: 3/3
  2356 | D:2      | Reached skill level 5 in Axes
  2653 | D:2      | Reached XP level 4. HP: 32/41 MP: 4/4
  3182 | D:2      | Found a basalt altar of Yredelemnul.
  3540 | D:3      | Noticed an eye of devastation
  3542 | D:3      | Found a faded altar of an unknown god.
  3565 | D:3      | Noticed a golden eye
  3565 | D:3      | Noticed a floating eye
  3565 | D:3      | Noticed a great orb of eyes
  3955 | D:3      | Noticed Natasha
  3968 | D:3      | Slain by a white imp

Illustrated notes

Levels and vault maps discovered:
D:1:      eino_arrival_druids_welcome, layout_basic, serial_forest,
          infiniplex_forest_3_way, infiniplex_forest_clump_curved,
          infiniplex_forest_end_1, infiniplex_forest_lined_corner,
          infiniplex_forest_end_double, infiniplex_forest_clump_long,
          infiniplex_forest_pool, infiniplex_forest_clump_medium,
          chequers_serial_rivers_micro_d, minmay_tromino_i4
D:2:      layout_basic, basic_altar, eino_tiny_chamber
D:3:      layout_basic, hellmonk_ecumenical_altar_watching_god, uniq_natasha

Skill      XL: |  1  2  3 |
---------------+----------+-----
Fighting       | 4 |  4.8
Axes           | 5 |  5.4
Dodging        | |  2.9
Stealth        | |  1.5

Action                   |  1- 3 |  4- 6 || total
-------------------------+-------+-------++-------
Melee: Hand axe          |   123 |   101 ||   224
       Punch             |     2 |     1 ||     3
 Stab: Sleeping          |     4 |     2 ||     6
Armor: Robe              |    16 |    23 ||    39
Dodge: Dodged            |    72 |    68 ||   140
